 Dungeon Crawl Stone Soup version 0.25.0-26-g0c896c7088 (webtiles) character file.

Game seed: 8242054938945288449

60 protoss039 the Sneak (level 3, -1/20 HPs)
             Began as a Vampire Enchanter on July 4, 2020.
             Slain by a goblin (6 damage)
             ... led by Robin
             ... on level 2 of the Dungeon.
             The game lasted 00:08:45 (1389 turns).

protoss039 the Sneak (Vampire Enchanter)            Turns: 1389, Time: 00:08:46

Health: -1/20      AC:  2    Str:  7    XL:     3   Next: 82%
Magic:  6/6        EV: 13    Int: 17    God:
Gold:   66         SH:  0    Dex: 15    Spells: 0/6 levels left

rFire    . . .     SeeInvis +   a - +1 dagger
rCold    + + .     Gourm    .   (no shield)
rNeg     + + +     Faith    +   b - +0 robe
rPois    ∞         Spirit   .   (no helmet)
rElec    .         Reflect  .   (no cloak)
rCorr    .         Harm     .   (no gloves)
MR       .....                  (no boots)
Stlth    +++++.....             g - amulet of faith
HPRegen  0.00/turn              (no ring)
MPRegen  0.10/turn              (no ring)

@: bloodless, hasted, very quick
A: no food, fangs 3, see invisible, unbreathing
a: Bat Form, Revivify


You were on level 2 of the Dungeon.
You were bloodless.

You visited 1 branch of the dungeon, and saw 2 of its levels.

You collected 66 gold pieces.

Inventory:

Hand Weapons
 a - a +1 dagger (weapon)
 i - a +2 dagger of venom
Armour
 b - a +0 robe (worn)
Jewellery
 g - an amulet of faith (around neck)
 j - a +6 ring of dexterity {unknown}
Scrolls
 c - 2 scrolls of identify
 d - a scroll of noise {unknown}
 e - a scroll of fear {unknown}
 f - a scroll of amnesia {unknown}
 h - a scroll of teleportation {unknown}
 k - a scroll of enchant weapon {unknown}


   Skills:
 + Level 0.5 Fighting
 + Level 1.7 Short Blades
 + Level 2.7 Dodging
 + Level 5.2 Stealth
 + Level 2.4 Spellcasting
 + Level 5.0 Hexes


You couldn't memorise any spells.
You knew the following spells:

 Your Spells              Type           Power        Failure   Level  Hunger
a - Corona                Hex            ###....      2%          1    N/A
b - Confusing Touch       Hex            ###.....     7%          3    N/A
c - Ensorcelled Hibernat  Hex/Ice        ##....       10%         2    N/A

Your spell library contained the following spells:

 Spells                   Type           Power        Failure   Level  Hunger
 Tukima's Dance           Hex            ###.....     7%          3    N/A
 Dazzling Flash           Conj/Hex       ##....       21%         3    N/A

Dungeon Overview and Level Annotations

Branches:
Dungeon (2/15)

Altars:
Qazlal

Annotations:
D:2 Robin


Innate Abilities, Weirdness & Mutations

You do not eat.
You do not regenerate when monsters are visible.
You are frail without blood (-20% HP).
You can heal yourself when you bite living creatures.
You are immune to poison.
You have razor-sharp teeth.
You have supernaturally acute eyesight. (SInv)
You can survive without breathing.


Message History

Robin hits you with a +0 dagger.
You hit Robin.
Robin is heavily wounded.
Robin throws the goblin at you!
You hit Robin but do no damage.
Robin is heavily wounded.
The goblin closely misses you. Robin closely misses you.
You hit Robin but do no damage.
Robin is heavily wounded.
Robin stops glowing.
The goblin hits you. Robin misses you.
You hit Robin but do no damage. You bite Robin.
You draw Robin's blood!
You feel better.
Robin is heavily wounded.
The goblin hits you.
* * * LOW HITPOINT WARNING * * *
Robin misses you.
Unknown command.
Unknown command.
It was a potion of haste.
You feel yourself speed up. The goblin hits you.
You die...

.##>##..............###....#
#.
.##.##.##.###.###.#........#
#. .......##.#
#.###.#.......## .##.#####.#
#.##.....###.### .##.......#
#.##.....#○...°# .##########
#.##.#...#.....#. .#
#..)...)...._....# ##
####g#.#.#.....###
#@#.###....§# #g#...###.###
#.##### #..# ##..# .....
#...# ....# #.### ..# #.#
#.# #.# ##########


You could see Robin and a goblin (strong).

Vanquished Creatures
  An adder (D:2)
  2 worms (D:2)
  A giant cockroach (D:1)
  5 hobgoblins
  3 jackals (D:1)
  A quokka (D:2)
  11 bats
  A frilled lizard (D:1)
  7 goblins
  6 kobolds
  9 rats
47 creatures vanquished.

Notes
Turn   | Place    | Note
-------+----------+-------------------------------------------
     0 | D:1      | protoss039 the Vampire Enchanter began the quest for the
                  | Orb.
     0 | D:1      | Reached XP level 1. HP: 13/13 MP: 3/3
   230 | D:1      | Reached XP level 2. HP: 16/19 MP: 0/5
   559 | D:1      | Reached skill level 5 in Stealth
   809 | D:2      | Reached XP level 3. HP: 17/25 MP: 4/6
   814 | D:2      | Learned a level 3 spell: Confusing Touch
   817 | D:2      | Learned a level 2 spell: Ensorcelled Hibernation
  1177 | D:2      | Found a stormy altar of Qazlal.
  1199 | D:2      | Reached skill level 5 in Hexes
  1231 | D:2      | Noticed Robin
  1389 | D:2      | Slain by a goblin

Illustrated notes

Levels and vault maps discovered:
D:1:      dpeg_arrival_round_b, layout_basic, minmay_misc_feat_five
D:2:      layout_loops_cross, grunt_qazlal_clouds, lemuel_crystal_altar,
          first_ration, grunt_decor_cap, uniq_robin

Skill      XL: |  1  2  3 |
---------------+----------+-----
Stealth        | 5 |  5.2
Hexes          | 5 |  5.0
Fighting       | |  0.5
Short Blades   | |  1.7
Dodging        | |  2.7
Spellcasting   | |  2.4

Action                   || total
-------------------------++-------
Melee: Dagger            ||   160
       Bite              ||    12
 Cast: Corona            ||    39
 Abil: Exsanguinate      ||     1
  Use: Scroll            ||     1
       Potion            ||     1
 Stab: Sleeping          ||    10
Armor: Robe              ||    50
Dodge: Dodged            ||   132
